 Dungeon Sprint DCSS version 0.32-a0-656-g3542139ebd (webtiles) character file.

Game seed: 11767045135830939992

519 Prakerore the Skirmisher (level 7, -5/62 HPs)
             Began as a Coglin Hunter on Mar 9, 2024.
             Slain by a shadow (7 damage)
             ... in the Dungeon (Sprint III: "The Ten Rune Challenge").
             The game lasted 00:06:37 (631 turns).

Prakerore the Skirmisher (Coglin Hunter)             Turns: 631, Time: 00:06:38

Health: -5/62      AC:  3    Str: 11    XL:     7   Next: 21%
Magic:  7/7        EV: 16    Int:  9    God:
Gold:   16         SH:  0    Dex: 19    Spells: 6/6 levels left

rFire   . . .        a - +2 sling {Feng}
rCold   . . .        d - +0 sling {Londisizwe}
rNeg    . . .        c - +0 leather armour
rPois   .            (no helmet)
rElec   .            (no cloak)
rCorr   .            (no gloves)
SInv    .            (no boots)
Will    .....        (amulet unavailable)
Stlth   +++          (ring unavailable)
HPRegen 0.30/turn    (ring unavailable)
MPRegen 0.10/turn    (no gizmo)

%: no teleportation
@: revved
A: off-hand wielding, slow wielding, warmup strikes, no jewellery
a: Invent Gizmo


You were in the Dungeon.
You visited 1 branch You collected 16 gold pieces.

Inventory:

Hand Weapons
 a - a +2 sling (weapon) {Feng}
 d - a +0 sling (offhand) {Londisizwe}
Missiles
 l - 4 boomerangs
Armour
 c - a +0 leather armour (worn)
Scrolls
 n - a scroll of immolation
 p - a scroll of torment
Potions
 e - a potion of curing
 h - 2 potions of magic
 i - a potion of berserk rage
 m - 3 potions of mutation
 o - 3 potions of enlightenment
 q - a potion of brilliance


   Skills:
 + Level 8.1 Fighting
 - Level 9.0 Ranged Weapons
 - Level 7.7 Dodging
 - Level 4.0 Stealth


You had 6 spell levels left.
You didn't know any spells.
Your spell library contained the following spells:

 Spells                   Type           Power      Damage    Failure   Level
 Fugue of the Fallen      Necr           0%         N/A       85%         3
 Hailstorm                Conj/Ice       0%         3d5       85%         3
 Ozocubu's Armour         Ice            0%         N/A       85%         3
 Dimensional Bullseye     Hex/Tloc       0%         N/A       99%         4
 Manifold Assault         Tloc           0%         N/A       99%         4
 Freezing Cloud           Conj/Ice/Air   0%         6-21      100%        5
 Sculpt Simulacrum        Ice/Alch       0%         N/A       100%        6


Dungeon Overview and Level Annotations

Branches:
Dungeon (1/1)

Altars:
Dithmenos
Elyvilon
Kikubaaqudgha
Okawaru
Ru
Sif Muna
Trog
Uskayaw
Vehumet
Wu Jian
Yredelemnul
Zin
The Shining One
Beogh

Annotations:
D exclusion: deep elf pyromancer


Innate Abilities, Weirdness & Mutations

You can wield a second weapon in your off-hand.
It takes a long time for you to wield or remove held weapons.
Your first few attacks do less damage.
You cannot equip rings or amulets.


Message History

The shadow is heavily damaged.
You shoot a sling bullet.
The sling bullet hits the shadow but does no damage.
The shadow is heavily damaged.
The shadow closely misses you.
Unknown command.
Unknown command.
You shoot a sling bullet.
The sling bullet hits the shadow but does no damage.
The shadow is heavily damaged.
You shoot a sling bullet.
The sling bullet hits the shadow but does no damage.
The shadow is heavily damaged.
The shadow closely misses you.
You shoot a sling bullet.
The sling bullet closely misses the shadow.
You shoot a sling bullet.
The sling bullet closely misses the shadow.
The shadow hits you.
* * * LOW HITPOINT WARNING * * *
Unknown command.
You shoot a sling bullet.
The sling bullet closely misses the shadow.
You shoot a sling bullet.
The sling bullet closely misses the shadow.
The shadow slips into darkness.
The shadow flickers and vanishes!
Deactivating autopickup; reactivate with Ctrl-A.
You shoot a sling bullet. x2
The shadow strikes at you from the darkness!
* * * LOW HITPOINT WARNING * * *
Reactivating autopickup.
You shoot a sling bullet.
The sling bullet hits the shadow but does no damage.
The shadow is severely damaged.
You shoot a sling bullet.
The sling bullet hits the shadow but does no damage.
The shadow is severely damaged.
The shadow hits you!
You die...

▓▓▓▓▓▓▓▓▓ ▓▓▓ ▓<..#...####
##.########
▓...#......#####..#___#___
▓..##...)...#..#..#e..#__)
▓##.##.##@..#..#..###+#'##
##.##.###W.##'#..#.....).
▓#.####.##..###...'.⌠.....
▓.###..##..####..÷#...####
▓#.....##÷.###....#.⌠.# #
###..##...##.....#...# #
##..##....#......#)### #
#..###..##.#.....#...# #
#..# #..#####....#___# +


You could see a shadow.

Vanquished Creatures
  A water elemental (D)
  A burial acolyte (D)
  A wight (D)
  A jelly (D)
  Jessica (D)
  3 humans (D)
  A kobold demonologist (D)
  A phantom (D)
  3 rats (D)
13 creatures vanquished.

Notes
Turn   | Place    | Note
-------+----------+-------------------------------------------
     0 | D        | Prakerore the Coglin Hunter began the quest for the Orb.
     0 | D        | Reached XP level 1. HP: 16/16 MP: 1/1
    13 | D        | Reached skill level 4 in Ranged Weapons
    27 | D        | Noticed Jessica
    30 | D        | Killed Jessica
    31 | D        | Reached skill level 6 in Ranged Weapons
    31 | D        | Reached XP level 2. HP: 22/22 MP: 2/2
    31 | D        | Reached XP level 3. HP: 27/27 MP: 3/3
    60 | D        | Reached skill level 7 in Ranged Weapons
   104 | D        | Noticed a water elemental
   116 | D        | Killed a water elemental
   117 | D        | Reached skill level 8 in Ranged Weapons
   117 | D        | Reached XP level 4. HP: 35/35 MP: 4/4
   123 | D        | Found a radiant altar of Vehumet.
   123 | D        | Found a shimmering blue altar of Sif Muna.
   123 | D        | Found an ancient bone altar of Kikubaaqudgha.
   131 | D        | Reached XP level 5. HP: 36/42 MP: 5/5
   133 | D        | Reached skill level 5 in Dodging
   167 | D        | Got Woakahie's Annotations on Hail and Relocation
   175 | D        | Found a glowing silver altar of Zin.
   175 | D        | Found a glowing golden altar of the Shining One.
   175 | D        | Found a white marble altar of Elyvilon.
   175 | D        | Noticed a deep elf pyromancer
   177 | D        | Found a hide-covered altar of Uskayaw.
   177 | D        | Found a roughly hewn altar of Beogh.
   177 | D        | Found an iron altar of Okawaru.
   177 | D        | Found a bloodstained altar of Trog.
   177 | D        | Found an ornate altar of the Wu Jian Council.
   177 | D        | Noticed a human
   177 | D        | Noticed a human
   236 | D        | Killed a human
   237 | D        | Reached skill level 5 in Fighting
   237 | D        | Reached skill level 9 in Ranged Weapons
   237 | D        | Reached XP level 6. HP: 29/55 MP: 6/6
   375 | D        | Killed a human
   376 | D        | Reached XP level 7. HP: 27/60 MP: 7/7
   502 | D        | Found a basalt altar of Yredelemnul.
   502 | D        | Found a shadowy altar of Dithmenos.
   502 | D        | Found a sacrificial altar of Ru.
   600 | D        | Noticed a shadow
   630 | D        | HP: 1/62 [something (9)]
   631 | D        | Slain by a shadow

Illustrated notes

Levels and vault maps discovered:
D:        dungeon_sprint_mu [sprint_mu_entry_cave, sprint_mu_temple_rooms,
          sprint_mu_d1_spiders, sprint_mu_d2_genie, sprint_mu_d3_branching,
          sprint_mu_orc_legion, sprint_mu_elf_gauntlet, sprint_mu_hive_nellie,
          sprint_mu_lair_fedhas, sprint_mu_vaults_butterflies,
          sprint_mu_slime_circle, sprint_mu_swamp_cave, sprint_mu_shoals_kraken,
          sprint_mu_blade_basic, sprint_mu_crypt_chambers,
          sprint_mu_tomb_spiral, sprint_mu_vestibule_basic,
          sprint_mu_gehenna_hellfire, sprint_mu_dis_giant,
          sprint_mu_tartarus_statrot, sprint_mu_cocytus_islands, sprint_mu_zot1]

Skill      XL: |  1  2  3  4  5  6  7 |
---------------+----------------------+-----
Ranged Weapons | 6 8 9 |  9.0
Stealth        | 3 4 |  4.0
Fighting       | 3 4 7 8 |  8.1
Dodging        | 2 4 5 7 |  7.7

Action                     |  1- 3 |  4- 6 |  7- 9 || total
---------------------------+-------+-------+-------++-------
   Fire: Sling             |    60 |    96 |    40 ||   196
    Use: Scroll            |     4 |     1 |     1 ||     6
         Potion            |       |     2 |       ||     2
 Armour: Leather armour    |     3 |    18 |    11 ||    32
  Dodge: Dodged            |    11 |    15 |     6 ||    32

Table legend: (Time is in decaauts)
 A = Elapsed time spent in this place.
 B = Non-inter-level travel time spent in this place.
 C = Inter-level travel time spent in this place.
 D = Time resting spent in this place.
 E = Time spent auto-exploring this place.
 F = Levels seen in this place.
 G = Mean time per level.
                   A        B        C        D        E       F      G
               +--------+--------+--------+--------+--------+-----+--------+
         Total |    621 |    621 |      0 |    130 |    268 |   1 |  621.0 |
       Dungeon |    621 |    621 |      0 |    130 |    268 |   1 |  621.0 |
               +--------+--------+--------+--------+--------+-----+--------+

Top non-repeatable levels by time:
       D: 621 daAuts
